 Dungeon Crawl Stone Soup version 0.20-a0-647-gf178af5 (webtiles) character file.

20 slumpy the Ogre Mage (level 2, -1/26 HPs)
             Began as an Ogre Wizard on Feb 15, 2017.
             Slain by a gnoll
             ... wielding a +0 spear
              (11 damage)
             ... on level 1 of the Dungeon.
             The game lasted 00:03:04 (742 turns).

slumpy the Ogre Mage (Ogre Wizard)                   Turns: 742, Time: 00:03:05

Health: -1/26      AC:  3    Str: 10    XL:     2   Next: 79%
Magic:  1/7        EV: 10    Int: 19    God:
Gold:   3          SH:  0    Dex:  7    Spells: 8/9 levels left

rFire    . . .     SeeInvis .   g - +0 spear (curse)
rCold    . . .     Gourm    .   a - +0 robe
rNeg     . . .     Faith    .   (no shield)
rPois    .         Spirit   .   b - +0 hat
rElec    .         Reflect  .   (no cloak)
rCorr    .         Harm     .   (gloves unavailable)
MR       .....                  (boots unavailable)
Stlth    +.........             (no amulet)
Regen    0.1/turn               (no ring)
MPRegen  0.1/turn               (no ring)

@: no status effects
A: unfitting armour, tough skin 1
a: no special abilities


You were on level 1 of the Dungeon.
You were not hungry.

You visited 1 branch of the dungeon, and saw 1 of its levels.

You collected 3 gold pieces.

Inventory:

Hand Weapons
 g - a cursed +0 spear (weapon)
Armour
 a - a +0 robe (worn)
 b - a +0 hat (worn)
Scrolls
 f - a scroll of enchant armour {unknown}
 i - 2 scrolls of enchant weapon {unknown}
 j - a scroll of teleportation {unknown}
Potions
 e - a potion of might {unknown}
 h - a potion of curing {unknown}
Books
 c - a book of Minor Magic

   Spells                             Type                      Level
   a - Magic Dart                     Conjuration                  1
   b - Blink                          Translocation                2
   c - Call Imp                       Summoning                    2
   d - Slow                           Hexes                        2
   e - Conjure Flame                  Conjuration/Fire             3
   f - Mephitic Cloud                 Conjuration/Poison/Air       3
Comestibles
 d - a bread ration
 k - 2 chunks of flesh


   Skills:
 * Level 0.6 Fighting
 * Level 2.1 Dodging
 + Level 1.4 Stealth
 + Level 4.2 Spellcasting
 + Level 1.0 Conjurations
   Level 0.8 Summonings
   Level 0.8 Translocations


You had 8 spell levels left.
You knew the following spells:

 Your Spells              Type           Power        Failure   Level  Hunger
a - Magic Dart            Conj           #...         10%         1    None


Dungeon Overview and Level Annotations

Branches:
Dungeon (1/15)

Altars:


Innate Abilities, Weirdness & Mutations

You are too large for most types of armour.
You have tough skin. (AC +1)


Message History

Confirm with . or Enter, or press ? or * to list all spells.
Aiming: Magic Dart
Press: ? - help, Shift-Dir - straight line, f/p - gnoll
Aim: a gnoll, wielding a spear (heavily wounded)
The magic dart hits the gnoll.
The gnoll is severely wounded.
The gnoll hits you with a spear.
You barely miss the gnoll.
The gnoll is severely wounded.
The gnoll completely misses you.
You hit the gnoll.
The gnoll is almost dead.
The gnoll hits you with a spear.
You closely miss the gnoll.
The gnoll is almost dead.
The gnoll hits you with a spear!
You hit the gnoll.
The gnoll is almost dead.
The gnoll hits you with a spear. The gnoll hits you with a spear!
You die...

......## .......#
############ .......#
#..........# .......#
#..........# .......#
#..........# .......#
#..........#
......#####)####.#####
.......#....# #.#
.......#.#### #@#
.......#.# #g#
.........# #####.#
.......### #.....#
......## #.....#
.....## #.....# ###..
#....?# .##.# #.....#
#### #.....#


You could see a gnoll.

Vanquished Creatures
  2 dart slugs (D:1)
  2 leopard geckos (D:1)
  A giant cockroach (D:1)
  A goblin (D:1)
  3 hobgoblins (D:1)
  A bat (D:1)
  A frilled lizard (D:1)
  A kobold (D:1)
  2 rats (D:1)
14 creatures vanquished.

Notes
Turn   | Place    | Note
-------+----------+-------------------------------------------
     0 | D:1      | slumpy the Ogre Wizard began the quest for the Orb.
     0 | D:1      | Reached XP level 1. HP: 16/16 MP: 5/5
   292 | D:1      | Reached skill level 4 in Spellcasting
   311 | D:1      | Reached skill level 1 in Conjurations
   311 | D:1      | Reached XP level 2. HP: 25/26 MP: 4/7
   742 | D:1      | Slain by a gnoll

Vault maps used:
D:1:      tarquinn_simple_flora_water_f

Skill      XL: |  1  2 |
---------------+-------+-----
Spellcasting   | 4 |  4.2
Conjurations   | 1 |  1.0
Dodging        | 2 |  2.1
Fighting       | |  0.6
Stealth        | |  1.4
Summonings     | |  0.8
Translocations | |  0.8

Action                   || total
-------------------------++-------
Melee: Unarmed           ||    18
       Spear             ||    35
 Cast: Magic Dart        ||    35
Armor: Robe              ||    14
Dodge: Dodged            ||    20
